Map: Acid Plant LE

Players

HateMe

  • Race: Zerg Zerg
  • Spawn Location: 11:00

uThermal - Winner!

  • Race: Terran Terran
  • Spawn Location: 5:00

Event: WCS Valencia 2018

VOD

Have the link to the VOD?

Description

Time

  • Played on: July 12, 2018, 7:15 a.m.
  • Length: 11:44

All games in this series

Show
View Real Time Build Order
Export as new Build Order

HateMe Zerg 

Build Orders: Hatch First 

Get SALT Encoding   

  12  0:01  Drone  
  13  0:12  Overlord  
  13  0:16  Drone  
  14  0:31  Drone x2  
  14  0:34  Drone  
  17  0:51  Hatchery  
  17  0:55  Drone  
  17  0:58  Drone  
  17  1:02  Extractor  
  17  1:13  Spawning Pool  
  17  1:15  Drone  
  17  1:18  Drone  
  18  1:28  Drone  
  19  1:38  Overlord  
  19  1:49  Drone  
  20  1:59  Queen  
  20  2:00  Zergling x2  
  23  2:02  Queen  
  23  2:03  Metabolic Boost  
  23  2:06  Zergling x2  
  26  2:12  Drone  
  26  2:13  Drone  
  28  2:21  Drone  
  29  2:24  Drone  
  30  2:36  Hatchery  
  29  2:40  Spore Crawler  
  29  2:44  Queen  
  29  2:50  Overlord  
  31  2:52  Drone  
  31  2:57  Drone  
  33  3:02  Drone x2  
  33  3:03  Drone  
  36  3:08  Overlord  
  36  3:09  Drone  
  37  3:15  Drone x2  
  37  3:16  Drone  
  37  3:17  Drone  
  41  3:24  Queen  
  43  3:28  Drone x2  
  43  3:29  Drone  
  46  3:35  Lair  
  46  3:39  Overlord  
  46  3:41  Zergling x2  
  47  3:47  Zergling x6  
  50  3:49  Zergling x2  
  50  3:54  Queen  
  52  3:58  Zergling x2  
  52  3:59  Zergling x4  
  55  4:03  Baneling Nest, Drone  
  55  4:06  Overlord  
  55  4:07  Drone  
  55  4:09  Drone  
  57  4:10  Drone  
  57  4:13  Spore Crawler  
  57  4:15  Drone  
  57  4:16  Drone  
  59  4:18  Drone  
  59  4:21  Drone  
  59  4:23  Overlord  
  61  4:25  Drone  
  61  4:29  Drone  
  61  4:30  Drone  
  64  4:34  Overseer  
  64  4:36  Drone x2  
  66  4:42  Overlord x2  
  66  4:43  Zergling x2  
  66  4:44  Zergling x4  
  69  4:47  Zergling x2  
  69  4:48  Overlord  
  70  4:57  Drone x5  
  73  5:00  Drone x4  
  73  5:02  Drone  
  73  5:06  Zergling x2  
  79  5:08  Zergling x2  
  79  5:13  Drone  
  81  5:14  Drone  
  81  5:17  Drone x3  
  83  5:28  Zergling x8  
  80  5:33  Zergling x6  
  80  5:34  Overseer  
  77  5:38  Extractor  
  77  5:41  Extractor  
  77  5:42  Centrifical Hooks, Extractor  
  73  5:44  Extractor, Evolution Chamber x2  
  73  5:49  Extractor, Zergling x8  
  73  5:52  Overlord  
  73  5:53  Drone x6  
  73  5:56  Drone  
  80  5:59  Drone  
  80  6:00  Drone  
  82  6:08  Drone  
  82  6:09  Drone  
  82  6:10  Drone x2  
  82  6:11  Drone x2  
  85  6:13  Zerg Melee Weapons Level 1  
  85  6:17  Drone x3  
  87  6:22  Drone  
  87  6:24  Zergling x2  
  87  6:25  Zergling x8  
  89  6:31  Zergling x2  
  89  6:37  Drone x2  
  84  6:52  Drone x9  
  93  6:58  Zerg Ground Armor Level 1  
  93  7:00  Hydralisk Den  
  90  7:06  Hatchery  
  86  7:11  Overlord x2  
  86  7:12  Drone x3  
  86  7:14  Zergling x6  
  90  7:21  Zergling x4  
  92  7:23  Zergling x2  
  92  7:24  Zergling x2  
  94  7:30  Zergling x2  
  94  7:33  Muscular Augments  
  94  7:34  Zergling x12  
  101  7:41  Baneling x10  
  101  7:42  Hydralisk  
  101  7:43  Hydralisk x5  
  113  7:47  Overlord  
  113  7:49  Overlord, Infestation Pit  
  112  7:54  Hydralisk  
  112  7:57  Hydralisk  
  116  8:03  Hydralisk x4  
  122  8:09  Zergling x2  
  122  8:12  Zergling x2  
  108  8:13  Zergling x12  
  108  8:19  Overseer, Zerg Melee Weapons Level 2  
  105  8:20  Drone  
  105  8:21  Drone x2  
  105  8:22  Drone  
  105  8:27  Hive, Drone  
  109  8:28  Drone  
  109  8:33  Drone x7  
  118  8:41  Queen  
  120  8:43  Overlord x2  
  120  8:47  Hydralisk x4  
  124  8:50  Overlord  
  124  8:53  Zerg Ground Armor Level 2  
  124  8:57  Hydralisk x2  
  128  9:03  Queen  
  128  9:06  Hydralisk  
  128  9:07  Hydralisk x2  
  136  9:10  Grooved Spines  
  136  9:11  Zergling x2  
  136  9:12  Zergling x4  
  136  9:14  Overlord  
  136  9:15  Baneling  
  136  9:16  Baneling x4  
  139  9:20  Overlord  
  139  9:21  Zergling x8  
  139  9:23  Zergling x2  
  139  9:24  Zergling x2  
  145  9:27  Baneling x8  
  145  9:28  Zergling x2  
  146  9:31  Zergling x6  
  146  9:34  Zergling x2  
  146  9:35  Zergling x6  
  153  9:39  Baneling x9  
  153  9:45  Zergling x12  
  157  9:50  Zergling x10  
  157  9:51  Zergling x4  
  163  9:57  Zergling x2  
  163  9:58  Zergling x8  
  167  10:02  Hatchery  
  167  10:05  Viper x2  
  172  10:08  Viper  
  175  10:18  Zergling x4  
  175  10:19  Zergling x10  
  182  10:24  Viper  
  180  10:30  Zergling x2  
  180  10:31  Zergling x6  
  180  10:32  Overlord x3  
  167  10:43  Zergling x2  
  167  10:44  Zergling x14  
  167  10:46  Baneling x4  
  167  10:48  Zergling x8  
  179  10:53  Zergling x2  
  178  10:59  Zergling x2  
  178  11:00  Zergling x10  
  178  11:02  Baneling x10  
  178  11:03  Baneling x3  
  184  11:06  Zergling x8  
  171  11:14  Zergling x2  
  171  11:15  Zergling x6  
  154  11:21  Baneling x6  
  151  11:26  Zergling x2  
  151  11:27  Zergling x16  
Show
View Real Time Build Order
Export as new Build Order

uThermal Terran - Winner!

Build Orders: Hellion Opening, Reaper Expand, Bio Tank 

Get SALT Encoding   

  12  0:01  SCV  
  13  0:13  SCV  
  14  0:17  Supply Depot  
  14  0:25  SCV  
  15  0:38  SCV  
  15  0:39  Barracks  
  16  0:43  Refinery  
  16  0:50  SCV  
  17  1:02  SCV  
  18  1:15  SCV  
  19  1:27  Reaper, Orbital Command  
  20  1:39  Command Center  
  20  1:48  Supply Depot  
  20  1:53  SCV  
  21  1:59  Marine  
  22  2:05  SCV  
  22  2:07  Factory  
  23  2:12  Refinery  
  23  2:17  SCV  
  23  2:21  Barracks Reactor  
  24  2:29  SCV  
  25  2:41  SCV  
  26  2:52  Starport, Orbital Command  
  26  2:53  SCV  
  26  3:03  Hellion x2  
  26  3:04  Barracks Tech Lab  
  26  3:05  SCV  
  31  3:14  Supply Depot  
  31  3:17  SCV  
  31  3:18  SCV  
  33  3:24  Hellion x2  
  37  3:29  SCV  
  37  3:31  SCV  
  39  3:35  Raven  
  41  3:42  SCV  
  41  3:43  SCV  
  41  3:46  Hellion x2, Supply Depot  
  47  3:54  SCV  
  48  3:57  SCV  
  48  4:01  Command Center  
  49  4:06  SCV  
  49  4:09  Hellion  
  52  4:10  Supply Depot  
  52  4:13  Hellion  
  54  4:18  Raven  
  54  4:20  Barracks Tech Lab  
  54  4:21  SCV  
  54  4:22  SCV  
  58  4:31  Hellion  
  60  4:33  Supply Depot  
  60  4:34  Hellion, SCV x2  
  64  4:38  Marine  
  64  4:39  Stimpack  
  65  4:46  SCV x2  
  68  5:00  SCV  
  68  5:07  Barracks  
  68  5:08  SCV, Engineering Bay, Barracks, Refinery  
  68  5:09  Refinery  
  68  5:10  Marine  
  68  5:11  Engineering Bay  
  68  5:12  Starport Reactor  
  68  5:13  Siege Tank  
  73  5:17  Orbital Command  
  73  5:18  SCV  
  73  5:21  SCV  
  73  5:28  Marine  
  73  5:30  SCV  
  73  5:33  SCV  
  70  5:37  Terran Infantry Weapons Level 1  
  70  5:38  Terran Infantry Armor Level 1  
  70  5:42  SCV, Orbital Command  
  71  5:45  SCV, Barracks  
  71  5:46  Marine  
  71  5:47  Barracks  
  73  5:53  Marine  
  73  5:54  SCV  
  75  5:57  SCV, Siege Tank  
  75  6:00  Starport Reactor  
  75  6:02  Supply Depot  
  79  6:04  Marine x3  
  79  6:06  SCV  
  79  6:07  Marine  
  79  6:09  SCV  
  79  6:11  Marine  
  85  6:14  SCV  
  87  6:18  SCV  
  87  6:21  Supply Depot, SCV  
  87  6:22  Marine  
  87  6:23  Supply Depot  
  87  6:25  Marine  
  91  6:26  SCV  
  91  6:28  Marine x2  
  91  6:29  Marine  
  91  6:30  SCV  
  96  6:33  Siege Tank  
  89  6:42  SCV  
  89  6:43  Combat Shields, Barracks Reactor  
  89  6:44  Barracks Reactor, Marine  
  89  6:47  SCV, Marine  
  89  6:48  Medivac  
  89  6:51  Marine x2, Refinery  
  89  6:52  Refinery  
  95  6:58  SCV  
  95  7:01  SCV, Marine  
  97  7:02  Armory  
  97  7:05  Siege Tank  
  97  7:06  SCV, Marine x2  
  104  7:10  SCV  
  104  7:12  Medivac, Marine  
  104  7:13  Factory, SCV  
  104  7:14  Marine  
  110  7:15  Supply Depot  
  110  7:16  Supply Depot  
  110  7:19  Marine  
  110  7:20  Medivac  
  110  7:22  Supply Depot, SCV x2, Marine x2  
  117  7:28  Supply Depot  
  117  7:36  Supply Depot  
  117  7:37  SCV x2, Marine x6  
  117  7:38  SCV, Marine  
  117  7:40  Marine  
  117  7:41  Supply Depot  
  128  7:44  Marine  
  128  7:50  Siege Tank  
  128  7:51  Sensor Tower  
  132  7:57  Command Center  
  132  7:58  Factory Tech Lab  
  132  7:59  Terran Infantry Weapons Level 2, Terran Infantry Armor Level 2  
  132  8:02  Marine x2  
  132  8:03  Marine x3  
  132  8:04  Marine  
  138  8:12  Marine x2  
  115  8:14  Marine  
  115  8:19  SCV, Siege Tank  
  113  8:20  SCV, Marine x3  
  113  8:21  Terran Vehicle Weapons Level 1  
  113  8:22  Marine, Siege Tank  
  113  8:24  Medivac  
  122  8:28  Marine x2  
  122  8:30  Marine  
  122  8:31  SCV  
  122  8:32  Marine x2  
  128  8:35  Medivac  
  128  8:38  Marine x3  
  133  8:41  SCV, Marine  
  133  8:43  Supply Depot  
  133  8:46  Marine  
  134  8:49  Marine x2  
  134  8:51  Marine  
  134  8:53  Siege Tank  
  134  8:54  Marine  
  141  8:58  SCV x2, Marine  
  141  8:59  Marine  
  141  9:01  Siege Tank  
  148  9:03  Medivac  
  148  9:04  Marine  
  148  9:05  Medivac  
  148  9:07  Marine  
  154  9:13  Planetary Fortress  
  154  9:15  Marine  
  155  9:18  Marine  
  155  9:19  Marine x2  
  155  9:21  SCV x3  
  161  9:25  Siege Tank  
  161  9:28  Supply Depot, Marine  
  165  9:32  Marine  
  165  9:33  Liberator x2  
  165  9:35  Marine x2  
  165  9:37  Marine, Siege Tank  
  172  9:42  Marine  
  172  9:45  Marine  
  174  9:47  Marine x3  
  174  9:50  Marine  
  184  9:53  Marine x2  
  184  9:55  Marine  
  184  9:57  Siege Tank  
  189  10:00  Marine  
  189  10:02  Marine  
  189  10:05  Marine x3  
  194  10:08  Marine, Refinery  
  194  10:09  Refinery  
  194  10:10  Supply Depot  
  195  10:17  Marine  
  196  10:21  Marine  
  196  10:22  Marine x3  
  196  10:29  Marine  
  196  10:31  Marine  
  196  10:32  Siege Tank  
  196  10:33  Marine  
  196  10:34  Marine  
  196  10:35  Marine  
  200  10:38  Siege Tank  
  200  10:39  Marine  
  200  10:40  Marine x3  
  199  10:47  Marine  
  200  10:56  Barracks  
  200  10:57  Barracks x2  
  200  11:03  Marine x2  
  193  11:13  Marine x7  
  191  11:21  Marine x2  
Tags
 
Add a new tag
Caveats
  • Supply blocks, unpowered buildings, or Contaminate may cause inaccurate times.
  • Supply counts are checked every 10 seconds.